 Dungeon Crawl Stone Soup version 0.20-a0-210-gd6c29eb (webtiles) character file.

84 KristoblXynda the Chucker (level 4, -1/36 HPs)
             Began as a Centaur Hunter on Nov 26, 2016.
             Slain by Crazy Yiuf
             ... wielding a +4 quarterstaff of chaos
              (4 damage)
             ... on level 2 of the Dungeon.
             The game lasted 00:04:07 (1875 turns).

KristoblXynda the Chucker (Centaur Hunter)          Turns: 1875, Time: 00:04:07

Health: -1/36      AC:  6    Str: 14    XL:     4   Next: 24%
Magic:  4/4        EV:  9    Int: 11    God:
Gold:   106        SH:  0    Dex: 10    Spells: 3/3 levels left

rFire  . . .     SeeInvis .     m - -1 dagger (curse)
rCold  . . .     Gourm    .     b - +0 leather armour
rNeg   . . .     Faith    .     (no shield)
rPois  .         Spirit   .     (no helmet)
rElec  .         Reflect  .     i - +1 cloak
rCorr  .         Harm     .     (no gloves)
MR     .....     Rnd*Tele +     (no barding)
Stlth  ..........               (no amulet)
                                (no ring)
                                a - ring of teleportation (curse)

@: lethally poisoned (-1 -> -8), drained, very quick
A: hooves 3, deformed body, speed 2, tough skin 3
a: no special abilities


You were on level 2 of the Dungeon.
You were not hungry.

You visited 1 branch of the dungeon, and saw 2 of its levels.

You collected 106 gold pieces.

Inventory:

Hand Weapons
 m - a cursed -1 dagger (weapon)
 o - a +0 whip
Missiles
 d - 2 throwing nets (quivered)
Armour
 b - a +0 leather armour (worn)
 i - a +1 cloak (worn)
Jewellery
 a - a cursed ring of teleportation (left hand)
Potions
 e - a potion of berserk rage
 g - 3 potions of might
 k - a potion of agility {unknown}
 p - a potion of lignification {unknown}
Comestibles
 f - 3 bread rations
 h - a royal jelly
 j - a beef jerky
 l - a slice of pizza


   Skills:
 - Level 2.0(1.3) Fighting
 + Level 5.4(4.6) Throwing
 + Level 1.2(0.5) Armour
 - Level 2.0(1.3) Dodging
 - Level 0.4(0.0) Stealth


You had 3 spell levels left.
You didn't know any spells.

Dungeon Overview and Level Annotations

Branches:
Dungeon (2/15)

Altars:

Annotations:
D:2 Crazy Yiuf


Innate Abilities, Weirdness & Mutations

You have hooves in place of feet.
Armour fits poorly on your strangely shaped body.
You cover ground very quickly.
You have extremely tough skin. (AC +3)


Message History

Crazy Yiuf says, "Tonal foot wrapper!"
Crazy Yiuf hits you but does no damage.
You feel drained.
You hit Crazy Yiuf but do no damage. Your kick misses Crazy Yiuf.
Crazy Yiuf is almost dead.
You hit Crazy Yiuf but do no damage. You kick Crazy Yiuf, but do no damage.
Crazy Yiuf is almost dead.
Crazy Yiuf hits you but does no damage.
You are poisoned.
You barely miss Crazy Yiuf.
Crazy Yiuf is almost dead.
You feel sick.
Crazy Yiuf hits you with a quarterstaff of chaos!
You are electrocuted!
* * * LOW HITPOINT WARNING * * *
You hit Crazy Yiuf.
Crazy Yiuf is almost dead.
* * * LOW HITPOINT WARNING * * *
You feel sick.
Crazy Yiuf hits you with a quarterstaff of chaos.
You die...

.#........................##
.#.....).....#.....#.....##
...#........######...##.##
...#........## #..###.#
##### .............# #.##
#.# #)..# .............# #.#
#.# #.(.#
..<..........#####.####..
...
.............##......###.#
#'#
................@g.......#
♣.♣♣
...#........###......#####
♣♣g♣ ...##......##
#......(..(# ♣.♣ .. ########
##########.# ♣♣. . #.# ♣♣.♣
#.# ♣♣.P( #.# ♣.P(. #.#
#.... #(####....


You could see Crazy Yiuf.

Vanquished Creatures
  Ijyb (D:2)
  An adder (D:2)
  An ooze (D:2)
  A worm (D:2)
  3 dart slugs
  A leopard gecko (D:1)
  2 giant cockroaches (D:1)
  4 goblins
  3 hobgoblins
  2 jackals (D:2)
  A quokka (D:1)
  3 frilled lizards
  8 kobolds
  6 rats
37 creatures vanquished.

Notes
Turn   | Place    | Note
-------+----------+-------------------------------------------
     0 | D:1      | KristoblXynda the Centaur Hunter began the quest for the Orb.
     0 | D:1      | Reached XP level 1. HP: 17/17 MP: 1/1
   196 | D:1      | Reached XP level 2. HP: 19/24 MP: 2/2
   997 | D:2      | Reached skill level 5 in Throwing
  1063 | D:2      | Reached XP level 3. HP: 6/29 MP: 3/3
  1292 | D:2      | Noticed Ijyb
  1319 | D:2      | Killed Ijyb
  1319 | D:2      | Reached skill level 1 in Armour
  1338 | D:2      | Reached XP level 4. HP: 18/36 MP: 4/4
  1411 | D:2      | HP: 1/36 [jackal (2)]
  1822 | D:2      | Found a runed door.
  1826 | D:2      | Noticed Crazy Yiuf
  1875 | D:2      | Slain by Crazy Yiuf

Vault maps used:
D:1:      minmay_arrival_nine_rooms
D:2:      uniq_crazy_yiuf_cottage, uniq_iyjb

Skill      XL: |  1  2  3 |
---------------+----------+-----
Dodging        | 2 |  2.0
Throwing       | 5 |  5.4
Armour         | 1 |  1.2
Fighting       | |  2.0
Stealth        | |  0.4

Action                   |  1- 3 |  4- 6 || total
-------------------------+-------+-------++-------
Melee: Short sword       |    22 |       ||    22
       Kick              |    30 |    12 ||    42
       Dagger            |   105 |    48 ||   153
Throw: Javelin           |    11 |    12 ||    23
       Throwing net      |       |     1 ||     1
  Use: Scroll            |     4 |     2 ||     6
       Potion            |     1 |       ||     1
  Eat: Chunk             |       |     2 ||     2
Armor: Leather armour    |    37 |    22 ||    59
Dodge: Dodged            |    55 |    17 ||    72
